 Dungeon Crawl Stone Soup version 0.28-a0-969-g2dcde036d2 (webtiles) character file.

Game seed: 3084318681489228610

102 BinkBink the Skirmisher (level 4, -5/41 HPs)
             Began as a Minotaur Monk on Dec 1, 2021.
             Slain by a gnoll (6 damage)
             ... on level 3 of the Dungeon.
             The game lasted 00:01:57 (2054 turns).

BinkBink the Skirmisher (Minotaur Monk)             Turns: 2054, Time: 00:01:58

Health: -5/41      AC:  2    Str: 15    XL:     4   Next: 49%
Magic:  3/3        EV: 12    Int:  7    God:
Gold:   74         SH:  3    Dex: 15    Spells: 3/3 levels left

rFire   . . .      SeeInvis .   a - +0 short sword
rCold   . . .      Faith    .   i - +0 buckler
rNeg    . . .      Spirit   .   b - +0 robe
rPois   .          Reflect  .   (helmet restricted)
rElec   .          Harm     .   (no cloak)
rCorr   .          Rampage  .   (no gloves)
Will    .....                   (no boots)
Stlth   ++........              (no amulet)
HPRegen 0.13/turn               (no ring)
MPRegen 0.08/turn               (no ring)

@: no status effects
A: horns 2, retaliatory headbutt
a: no special abilities


You were on level 3 of the Dungeon.
You visited 1 branch of the dungeon, and saw 3 of its levels.

You collected 74 gold pieces.

Inventory:

Hand Weapons
 a - a +0 short sword (weapon)
Armour
 b - a +0 robe (worn)
 i - a +0 buckler (worn)
Scrolls
 d - 2 scrolls of amnesia {unknown}
 f - 2 scrolls of teleportation {unknown}
 h - 3 scrolls of identify {unknown}
Potions
 c - a potion of heal wounds {unknown}
 e - a potion of degeneration {unknown}
 g - a potion of ambrosia {unknown}


   Skills:
 + Level 4.3 Fighting
 + Level 4.2 Short Blades
 + Level 3.9 Dodging
 + Level 2.6 Stealth


You had 3 spell levels left.
You didn't know any spells.
Your spell library was empty.

Dungeon Overview and Level Annotations

Branches:
Dungeon (3/15)

Altars:

Shops:
D:1 *


Innate Abilities, Weirdness & Mutations

You have a pair of horns on your head.
You reflexively headbutt those who attack you in melee.


Message History

Your headbutt misses the gnoll. The gnoll hits you with a +0 whip.
The gnoll closely misses you.
You hit the gnoll.
The gnoll is moderately wounded.
You block the gnoll's attack.
The gnoll throws a throwing net.
The throwing net misses you.
You barely miss the gnoll.
The gnoll is moderately wounded.
The gnoll closely misses you. x2; The gnoll hits you with a +0 whip.
You hit the gnoll.
The gnoll is heavily wounded.
The gnoll barely misses you. You block the gnoll's attack.
The gnoll hits you with a +0 whip. The gnoll completely misses you.
The gnoll hits you with a +0 club.
You barely miss the gnoll.
The gnoll is heavily wounded.
The gnoll hits you with a +0 whip. The gnoll barely misses you.
You hit the gnoll but do no damage. You headbutt the gnoll.
The gnoll is severely wounded.
You block the gnoll's attack.
The gnoll hits you from afar with a +0 halberd.
You hit the gnoll but do no damage.
The gnoll is severely wounded.
The gnoll closely misses you. The gnoll misses you.
The gnoll closely misses you.
You closely miss the gnoll.
The gnoll is severely wounded.
You block the gnoll's attack.
The gnoll hits you from afar with a +0 halberd.
The gnoll closely misses you.
You hit the gnoll. Your headbutt misses the gnoll.
The gnoll is severely wounded.
The gnoll hits you with a +0 whip!
* * * LOW HITPOINT WARNING * * *
The gnoll hits you from afar with a +0 spear.
* * * LOW HITPOINT WARNING * * *
The gnoll hits you from afar with a +0 halberd.
* * * LOW HITPOINT WARNING * * *
The gnoll hits you with a +0 whip.
You die...

####### #.....# ######.###.#
.......###.# ###### ####.......#
#..... ...........#
############.....
.###......#######......##...(....
..........'.....@ggg.g...........
..##......#######......##.##.....
..##......# #......##.######.
..##......# #......##.######.
..######### #......##........
.........# #......##........
+#######.# #................
.#.....#.###### #................
................+................


You could see 4 gnolls.

Vanquished Creatures
  An iguana (D:2)
  3 gnolls (D:2)
  2 worms
  5 ball pythons
  2 endoplasms
  4 giant cockroaches
  A goblin (D:2)
  2 hobgoblins
  4 jackals (D:2)
  4 quokkas
  4 bats
  2 frilled lizards
  5 kobolds
  2 rats
41 creatures vanquished.

Notes
Turn   | Place    | Note
-------+----------+-------------------------------------------
     0 | D:1      | BinkBink the Minotaur Monk began the quest for the Orb.
     0 | D:1      | Reached XP level 1. HP: 19/19 MP: 0/0
   364 | D:1      | Reached XP level 2. HP: 27/27 MP: 1/1
   392 | D:1      | Found Quwnoug's Assorted Antiques.
  1104 | D:2      | Reached XP level 3. HP: 33/33 MP: 2/2
  1255 | D:2      | Reached XP level 4. HP: 40/40 MP: 3/3
  1313 | D:2      | Found a faded altar of an unknown god.
  2047 | D:3      | HP: 1/41 [gnoll (4)]
  2054 | D:3      | Slain by a gnoll

Illustrated notes

Levels and vault maps discovered:
D:1:      elethiomel_arrival_maze, layout_loops_ring, serial_shops,
          nicolae_shop_hallway_stairs
D:2:      layout_basic, hellmonk_ecumenical_altar_zigzags,
          minmay_misc_feat_enclosed
D:3:      layout_basic, minivault_24, hangedman_glass_teeth

Skill      XL: |  1  2  3 |
---------------+----------+-----
Fighting       | 4 |  4.3
Stealth        | 2 |  2.6
Short Blades   | 4 |  4.2
Dodging        | |  3.9

Action                   |  1- 3 |  4- 6 || total
-------------------------+-------+-------++-------
Melee: Short sword       |    48 |    28 ||    76
       Headbutt          |    13 |     5 ||    18
 Stab: Sleeping          |     9 |     3 ||    12
Armor: Robe              |     5 |     2 ||     7
Dodge: Dodged            |    34 |    21 ||    55
Block: Buckler           |       |     5 ||     5

Table legend: (Time is in decaauts)
 A = Elapsed time spent in this place.
 B = Non-inter-level travel time spent in this place.
 C = Inter-level travel time spent in this place.
 D = Time resting spent in this place.
 E = Time spent auto-exploring this place.
 F = Levels seen in this place.
 G = Mean time per level.
                   A        B        C        D        E       F      G
               +--------+--------+--------+--------+--------+-----+--------+
         Total |   2048 |   1955 |     93 |      0 |   1677 |   3 |  682.7 |
       Dungeon |   2048 |   1955 |     93 |      0 |   1677 |   3 |  682.7 |
               +--------+--------+--------+--------+--------+-----+--------+

Top non-repeatable levels by time:
     D:2: 979 daAuts
     D:1: 855 daAuts
     D:3: 213 daAuts
